 Dungeon Sprint DCSS version 0.26-a0-663-g36e8fdb655 (webtiles) character file.

Game seed: 8057527764846206732

3360 olmar the Grappler (level 9, -5/92 HPs)
             Began as a Troll Warper on Oct 12, 2020.
             Was an Initiate of Gozag.
             Slain by a spriggan rider (9 damage)
             ... in the Dungeon (Sprint IV: "Fedhas' Mad Dash").
             The game lasted 00:05:39 (2116 turns).

olmar the Grappler (Troll Warper)                   Turns: 2116, Time: 00:05:40

Health: -5/92      AC:  6    Str: 24    XL:     9   Next: 73%
Magic:  9/9        EV: 14    Int:  9    God:    Gozag
Gold:   812        SH:  0    Dex:  9    Spells: 5/10 levels left

rFire    + . .     SeeInvis .   f - +8 frozen axe "Frostbite" {freezing cloud, *Noise +Fly rC+}
rCold    + + .     Faith    .   (shield currently unavailable)
rNeg     . . .     Spirit   .   a - +0 robe
rPois    +         Reflect  .   (helmet restricted)
rElec    +         Harm     .   (no cloak)
rCorr    +         Rampage  .   (gloves unavailable)
MR       .....     NoTele   +   (boots unavailable)
Stlth    +.........             j - amulet of invisibility {+Inv}
HPRegen  0.65/turn              (no ring)
MPRegen  0.11/turn              (no ring)

@: mighty, resistant, hasted, very quick
A: large, unfitting armour, claws 3, regeneration 1, shaggy fur 1, tough skin 3
a: Potion Petition, Call Merchant, Bribe Branch, Renounce Religion, Evoke
Invisibility, Evoke Flight


You were in the Dungeon.
You worshipped Gozag.
Gozag was pleased with you.
You visited 1 branch You collected 1632 gold pieces.
You spent 340 gold pieces at shops.
You paid 480 gold pieces to Gozag.

Inventory:

Hand Weapons
 f - the +8 frozen axe "Frostbite" (weapon) {freezing cloud, *Noise +Fly rC+}
   (You found it in the Dungeon)

   It has been specially enchanted to freeze those struck by it, causing extra
   injury to most foes and up to half again as much damage against particularly
   susceptible opponents.
   It can also slow down cold-blooded creatures.
   It protects you from cold.
   It lets you fly.
   It may make noises in combat.
 n - the +7 sceptre of Torment {pain, torment}
   (You found it in the Dungeon)

   In the hands of one skilled in necromantic magic, it inflicts extra damage on
   living creatures.
Missiles
 d - 5 boomerangs of dispersal (quivered)
Armour
 a - a +0 robe (worn)
Jewellery
 j - the amulet of invisibility (around neck) {+Inv}
   (You found it in the Dungeon)

   [amulet of nothing]

   It lets you turn invisible.
Scrolls
 b - 2 scrolls of enchant armour {unknown}
 c - 2 scrolls of blinking
 e - 2 scrolls of remove curse {unknown}
Potions
 g - a potion of cancellation
 h - 2 potions of magic
 k - a potion of stabbing
 l - a potion of brilliance
 m - a potion of mutation


   Skills:
 + Level 6.9 Fighting
 + Level 6.6 Axes
 - Level 0.8 Throwing
 + Level 10.3 Dodging
 - Level 0.9 Stealth
 - Level 10.8 Unarmed Combat
 - Level 1.2 Spellcasting
 + Level 4.2 Translocations
 + Level 8.1 Evocations


You had 5 spell levels left.
You knew the following spells:

 Your Spells              Type           Power        Failure   Level
a - Blink                 Tloc           N/A          10%         2
b - Lesser Beckoning      Tloc           #.........   19%         3

Your spell library contained the following spells:

 Spells                   Type           Power        Failure   Level
 Gell's Gravitas          Tloc           #.........   19%         3
 Teleport Other           Tloc           #.......     19%         3
 Passage of Golubria      Tloc           N/A          54%         4


Dungeon Overview and Level Annotations

Branches:
Dungeon (1/1)

Altars:
Cheibriados
Dithmenos
Elyvilon
Gozag
Hepliaklqana
Kikubaaqudgha
Makhleb
Nemelex Xobeh
Okawaru
Qazlal
Ru
Sif Muna
Trog
Uskayaw
Vehumet
Wu Jian
Xom
Yredelemnul
Zin
The Shining One
Beogh
Jiyva
Lugonu

Shops:
D [(!(


Innate Abilities, Weirdness & Mutations

You are too large for most types of armour.
You have claws for hands.
Your natural rate of healing is unusually fast.
You are covered in fur. (AC +1)
You have extremely tough skin. (AC +3)


Message History

You hear shards of ice tinkling.
The spriggan rider is heavily wounded.
You closely miss the moth of wrath. The moth of wrath bites you.
The spriggan rider hits you!!
The moth of wrath goads the spriggan rider on!
The spriggan rider goes berserk!
Okay, then.
You feel much better. The spriggan rider hits you! The moth of wrath bites you!
The spriggan rider hits you!!
* * * LOW HITPOINT WARNING * * *
Unknown command. [a] - 480 gold - resistance, might and haste [b] - 322 gold - haste and brilliance [c] - 184 gold - might and brilliance Purchase which effect?
You feel protected.
You feel very mighty all of a sudden.
You feel yourself speed up. The moth of wrath closely misses you.
The spriggan rider hits you!
You die...
Your body crumbles into a pile of gold.

.P#.....#.....#.⌠._._._._.⌠.#.[')
..'.....'.#(..'.._._._._._..'..#)
PP#.....#.#...#..._._._._...#..##
############'##.._._._._._..#.[##
.♣........'...#._._._._._.⌠.#####
....♣.....#...###############
...♣..♣..######♣♣♣♣♣..♣(#
####'######..'.i.y..♣.)♣#
#....'.......#♣.@♣♣♣.♣..#
#.)###.......#.♣♣(.♣...♣+ $ ####
########## ########


You could see a spriggan rider (berserk) and a moth of wrath.

Vanquished Creatures
  A spriggan druid (D)
  2 oklob plants (D)
  3 burning bushes (D)
  A queen bee (D)
  A hornet (D)
  3 wandering mushrooms (D)
  2 scorpions (D)
  4 killer bees (D)
  5 oklob saplings (D)
  2 worker ants (D)
  2 spriggans (D)
  A river rat (D)
  A rat (D)
28 creatures vanquished.

Vanquished Creatures (others)
  2 fungi (D)
2 creatures vanquished.

Grand Total: 30 creatures vanquished

Notes
Turn   | Place    | Note
-------+----------+-------------------------------------------
     0 | D        | olmar the Troll Warper began the quest for the Orb.
     0 | D        | Reached XP level 1. HP: 19/19 MP: 1/1
     9 | D        | Reached XP level 2. HP: 29/29 MP: 2/2
    25 | D        | Noticed an oklob sapling
   181 | D        | Killed an oklob sapling
   181 | D        | Reached XP level 3. HP: 37/37 MP: 3/3
   184 | D        | Found the amulet of invisibility {+Inv}
   213 | D        | Learned a level 2 spell: Blink
   216 | D        | Noticed an oklob sapling
   221 | D        | Killed an oklob sapling
   221 | D        | Reached XP level 4. HP: 45/45 MP: 1/4
   271 | D        | Found an opulent altar of Gozag.
   271 | D        | Found a hazy altar of Hepliaklqana.
   271 | D        | Found a roughly hewn altar of Beogh.
   271 | D        | Found a snail-covered altar of Cheibriados.
   272 | D        | Found a viscous altar of Jiyva.
   272 | D        | Found a burning altar of Makhleb.
   272 | D        | Found a sparkling altar of Nemelex Xobeh.
   272 | D        | Found a sacrificial altar of Ru.
   272 | D        | Found a shimmering blue altar of Sif Muna.
   272 | D        | Found a bloodstained altar of Trog.
   272 | D        | Found an ornate altar of the Wu Jian Council.
   272 | D        | Found a shimmering altar of Xom.
   272 | D        | Found a basalt altar of Yredelemnul.
   273 | D        | Found an iron altar of Okawaru.
   273 | D        | Found a glowing silver altar of Zin.
   273 | D        | Found a shadowy altar of Dithmenos.
   274 | D        | Found a hide-covered altar of Uskayaw.
   274 | D        | Found an ancient bone altar of Kikubaaqudgha.
   275 | D        | Found a glowing golden altar of the Shining One.
   275 | D        | Found a stormy altar of Qazlal.
   275 | D        | Found a white marble altar of Elyvilon.
   276 | D        | Found a radiant altar of Vehumet.
   276 | D        | Found a corrupted altar of Lugonu.
   282 | D        | Reached skill level 5 in Dodging
   282 | D        | Reached skill level 5 in Unarmed Combat
   286 | D        | Became a worshipper of Gozag Ym Sagoz the Greedy
   344 | D        | Reached skill level 1 in Evocations
   344 | D        | Reached XP level 5. HP: 54/54 MP: 2/5
   726 | D        | Noticed a queen bee
   747 | D        | Killed a queen bee
   747 | D        | Reached XP level 6. HP: 25/63 MP: 3/6
   766 | D        | Reached skill level 5 in Fighting
   770 | D        | Reached XP level 7. HP: 18/72 MP: 4/7
   866 | D        | Noticed an oklob plant
  1170 | D        | Found Neilao's Weapon Shop.
  1170 | D        | Found Xungir's Antique Armour Emporium.
  1186 | D        | Noticed a burning bush
  1186 | D        | Noticed a wandering mushroom
  1202 | D        | Noticed a wandering mushroom
  1346 | D        | Killed a wandering mushroom
  1395 | D        | Killed a burning bush
  1395 | D        | Reached skill level 10 in Unarmed Combat
  1395 | D        | Reached skill level 5 in Evocations
  1395 | D        | Reached XP level 8. HP: 68/80 MP: 8/8
  1443 | D        | Found Funuups's Antique Weapon Emporium.
  1443 | D        | Found Luricvih's Distillery.
  1444 | D        | Found the +8 frozen axe "Frostbite" {freezing cloud, *Noise
                  | +Fly rC+}
  1453 | D        | Bought a potion of cancellation for 80 gold pieces
  1453 | D        | Bought a potion of heal wounds for 50 gold pieces
  1453 | D        | Bought a potion of stabbing for 40 gold pieces
  1453 | D        | Bought a potion of brilliance for 40 gold pieces
  1494 | D        | Noticed a burning bush
  1498 | D        | Killed a burning bush
  1498 | D        | Reached skill level 1 in Axes
  1546 | D        | Noticed a burning bush
  1546 | D        | Noticed an oklob plant
  1561 | D        | Killed an oklob plant
  1615 | D        | Noticed a wandering mushroom
  1616 | D        | Found the +7 sceptre of Torment {pain, torment}
  1618 | D        | Killed a burning bush
  1618 | D        | Reached XP level 9. HP: 89/89 MP: 6/9
  1634 | D        | Learned a level 3 spell: Lesser Beckoning
  1657 | D        | Killed a wandering mushroom
  1819 | D        | Bought a potion of heal wounds for 50 gold pieces
  1819 | D        | Bought a potion of mutation for 80 gold pieces
  1874 | D        | Killed an oklob plant
  1874 | D        | Reached skill level 5 in Axes
  1874 | D        | Reached skill level 10 in Dodging
  1953 | D        | Noticed a spriggan druid
  1960 | D        | Killed a spriggan druid
  1974 | D        | HP: 1/92 [hornet[a spriggan druid] (7)]
  2111 | D        | Noticed a spriggan rider
  2113 | D        | Noticed a moth of wrath
  2115 | D        | HP: 4/92 [spriggan rider (32)]
  2116 | D        | Slain by a spriggan rider

Illustrated notes

Levels and vault maps discovered:
D:        dungeon_sprint_fedhas [sprint_temple]

Skill      XL: |  1  2  3  4  5  6  7  8  9 |
---------------+----------------------------+-----
Fighting       | 2 3 4 5 6 |  6.9
Dodging        | 3 4 5 7 8 9 10 | 10.3
Unarmed Combat | 3 4 5 7 8 10 | 10.8
Translocations | 3 4 |  4.2
Evocations     | 1 3 5 6 8 |  8.1
Axes           | 3 6 |  6.6
Throwing       | |  0.8
Stealth        | |  0.9
Spellcasting   | |  1.2

Action                   |  1- 3 |  4- 6 |  7- 9 || total
-------------------------+-------+-------+-------++-------
Melee: Unarmed           |    23 |    35 |    47 ||   105
       Punch             |     2 |       |     4 ||     6
       Executioner's axe |       |       |    29 ||    29
Invok: Potion Petition   |       |       |     1 ||     1
 Abil: Evoke Invisibilit |     1 |     3 |     6 ||    10
  Use: Potion            |       |     4 |     2 ||     6
 Stab: Invisible         |     1 |     9 |     3 ||    13
       Sleeping          |     1 |       |       ||     1
Armor: Robe              |     4 |     9 |     2 ||    15
Dodge: Dodged            |     6 |    33 |    38 ||    77

Table legend: (Time is in decaauts)
 A = Elapsed time spent in this place.
 B = Non-inter-level travel time spent in this place.
 C = Inter-level travel time spent in this place.
 D = Time resting spent in this place.
 E = Time spent auto-exploring this place.
 F = Levels seen in this place.
 G = Mean time per level.
                   A        B        C        D        E       F      G
               +--------+--------+--------+--------+--------+-----+--------+
         Total |   2130 |   2027 |    103 |   1446 |      0 |   1 | 2130.0 |
       Dungeon |   2130 |   2027 |    103 |   1446 |      0 |   1 | 2130.0 |
               +--------+--------+--------+--------+--------+-----+--------+

Top non-repeatable levels by time:
       D: 2130 daAuts
